Map: Ancient Cistern LE

Players

NamroodTuo

  • Race: Terran Terran
  • Spawn Location: 1:00

VOD

Have the link to the VOD?

Description

Time

  • Played on: April 16, 2023, 2:23 p.m.
  • Length: 9:01
Show
View Real Time Build Order
Export as new Build Order

NamroodTuo Terran 

Build Orders:  

Get SALT Encoding   

  12  0:01  SCV  
  13  0:17  SCV  
  14  0:29  Supply Depot  
  14  0:34  SCV  
  15  1:00  Barracks  
  15  1:06  SCV, Refinery  
  16  1:23  SCV  
  17  1:32  Supply Depot  
  17  1:40  SCV  
  18  1:56  Engineering Bay  
  18  1:57  SCV  
  19  2:12  Bunker  
  19  2:14  SCV  
  19  2:19  Barracks Tech Lab  
  20  2:31  SCV  
  21  2:50  Bunker  
  21  2:53  Marine  
  22  3:13  SCV  
  22  3:18  Marine  
  24  3:30  Command Center  
  24  3:38  Unknown  
  24  3:43  Marine  
  25  4:19  Terran Infantry Weapons Level 1  
  25  4:24  SCV  
  25  4:25  Refinery  
  26  4:41  Refinery  
  26  4:42  SCV  
  27  4:59  SCV  
  28  5:00  Refinery  
  28  5:02  Supply Depot  
  28  5:15  SCV  
  28  5:16  SCV  
  28  5:18  Barracks  
  30  5:35  Orbital Command, Supply Depot  
  30  5:40  SCV  
  31  6:09  SCV  
  32  6:26  SCV  
  32  6:27  Barracks Reactor  
  33  6:41  SCV  
  33  6:43  SCV  
  35  6:58  SCV  
  36  7:00  SCV  
  37  7:14  SCV  
  37  7:17  SCV  
  39  7:25  Factory  
  39  7:31  SCV  
  39  7:34  SCV  
  41  7:40  Bunker  
  41  7:48  SCV  
  42  7:51  SCV  
  43  8:03  Supply Depot  
  43  8:08  SCV  
  43  8:09  Marine x3  
  44  8:25  SCV  
  44  8:29  Missile Turret  
  44  8:34  Marine  
  44  8:35  Supply Depot  
  45  8:42  SCV  
Tags
 
Add a new tag
Caveats
  • Supply blocks, unpowered buildings, or Contaminate may cause inaccurate times.
  • Supply counts are checked every 10 seconds.